 Dungeon Crawl Stone Soup version 0.19-a0-139-gefc6d61 (webtiles) character file.

163 AlphabetPasta the Slasher (level 5, -2/41 HPs)
             Began as a Vampire Chaos Knight on May 17, 2016.
             Slain by a worker ant (6 damage)
             ... on level 4 of the Dungeon.
             The game lasted 00:08:29 (2304 turns).

AlphabetPasta the Slasher (Vampire Chaos Knight)    Turns: 2304, Time: 00:08:30

Health: -2/41      AC: 10    Str: 12    XL:     5   Next: 20%
Magic:  5/5        EV: 13    Int: 15    God:    Xom [...*..]
Gold:   108        SH:  0    Dex: 13    Spells: 0 memorised, 4 levels left

rFire  . . .     SeeInvis +     a - +0 falchion (chaos)
rCold  + . .     Gourm    .     b - +3 leather armour
rNeg   + + .     Faith    .     (no shield)
rPois  +         Spirit   .     (helmet restricted)
rElec  .         Dismiss  .     (no cloak)
rCorr  .         Reflect  .     (no gloves)
SustAt .         Harm     .     (no boots)
MR     .....     Clarity  +     (no amulet)
Stlth  +.........               (no ring)
                                (no ring)

@: regenerating slowly, not resistant to hostile enchantments, very unstealthy
A: fangs 3, horns 1, iridescent scales 1, see invisible, clarity, wild magic 1,
unbreathing
a: Bat Form, Renounce Religion


You were on level 4 of the Dungeon.
You worshipped Xom.
You were a favourite toy of Xom.
You were thirsty.

You visited 1 branch of the dungeon, and saw 4 of its levels.

You collected 108 gold pieces.

Inventory:

Hand Weapons
 a - a +0 falchion of chaos (weapon)
Armour
 b - a +3 leather armour (worn)
Scrolls
 e - 3 scrolls of teleportation
 f - 3 scrolls of identify
 g - a scroll of enchant armour
 h - a scroll of remove curse
 j - 2 scrolls of magic mapping


   Skills:
 + Level 3.4 Fighting
 + Level 4.0 Long Blades
 + Level 2.0 Armour
 + Level 3.5 Dodging


You had 4 spell levels left.
You didn't know any spells.

Dungeon Overview and Level Annotations

Branches:
Dungeon (4/15)
 Temple: D:4-7

Altars:
Ru

Annotations:
D:4 Eustachio


Innate Abilities, Weirdness & Mutations

You heal slowly.
You have razor-sharp teeth.
You have supernaturally acute eyesight.
You can survive without breathing.
You have a pair of small horns on your head.
You are partially covered in iridescent scales (AC +4).
You possess an exceptional clarity of mind.
Your spells are a little harder to cast, but a little more powerful.


Message History

You are feeling thirsty.
The corpse has rotted away into a skeleton before you could finish drinking it!
You stop draining the corpse.
Your potion of blood rots away.
Things that are here:
a club; a hobgoblin skeleton You feel a little less agile now.
There is a stone staircase leading down here.
There is a stone staircase leading down here.
You climb downwards.
Level annotation: Eustachio
There is a stone staircase leading up here.
Found a robe.
A worker ant comes into view.
The worker ant twitches its antennae in your direction.
The worker ant closely misses you.
You barely miss the worker ant.
You headbutt the worker ant, but do no damage.
The worker ant bites you.
You die...

**,,*,*** *,* *,*
*,,,,,* *,* *.# ,,**,,*
*,*****.# ,*,,,,*
*,,,**..* *,,,,,*
***,,*.#*******
,,*,,,** **,#.#*,,.,,*
,**,,,,*** *,..##...,,*
***,,,,,,**
#####a......,,*
******,,*
#...@..#***,***
**,*##.###..#***,*
#.##.<# *..#,,,,*
***#....##**..#,****
**##.........#*..#,*
*....####....#,..#,*
###.#*****#....#,#.#.##
....###,,,....[#.#....#
.......,*#######.#.)..#


You could see a worker ant.

Vanquished Creatures
  A howler monkey (D:3)
  An orc wizard (D:3)
  4 adders
  3 giant geckos
  8 orcs (D:3)
  6 bats
  A giant cockroach (D:3)
  4 goblins
  2 hobgoblins
  7 jackals (D:2)
  A quokka (D:2)
  8 giant newts
  3 kobolds
  8 rats
57 creatures vanquished.

Vanquished Creatures (others)
  A plant (D:2)
1 creature vanquished.

Grand Total: 58 creatures vanquished

Notes
Turn   | Place    | Note
--------------------------------------------------------------
     0 | D:1      | AlphabetPasta the Vampire Chaos Knight began the quest for the Orb.
     0 | D:1      | Reached XP level 1. HP: 17/17 MP: 1/1
   146 | D:1      | XOM: divination: detect items
   273 | D:1      | Reached skill level 1 in Armour
   280 | D:1      | Gained mutation: You are frail (-10% HP). [potion of mutation]
   280 | D:1      | Gained mutation: You have a pair of small horns on your head. [potion of mutation]
   280 | D:1      | Gained mutation: You are partially covered in iridescent scales (AC +4). [potion of mutation]
   281 | D:1      | Gained mutation: You possess an exceptional clarity of mind. [potion of mutation]
   281 | D:1      | Gained mutation: Your spells are a little harder to cast, but a little more powerful. [potion of mutation]
   479 | D:1      | XOM: harmless Tloc miscast
   506 | D:1      | XOM: silly message
   825 | D:2      | Reached XP level 2. HP: 12/20 MP: 2/2
   847 | D:2      | XOM: harmless Ice miscast
   879 | D:2      | XOM: cast spell 'Summon Butterflies'
   949 | D:2      | XOM: harmless Necr miscast
   995 | D:2      | XOM: harmless Necr miscast
  1137 | D:2      | Reached XP level 3. HP: 24/25 MP: 3/3
  1330 | D:2      | Found a sacrificial altar of Ru.
  1473 | D:2      | XOM: smoke on damage
  1522 | D:2      | XOM: give mutations
  1522 | D:2      | Lost mutation: You are frail (-10% HP). [Xom's mischief]
  1625 | D:2      | XOM: god gift: 20 sling bullets
  1646 | D:2      | XOM: god gift: puce potion {god gift}
  1725 | D:3      | Reached XP level 4. HP: 28/35 MP: 4/4
  1798 | D:3      | Reached XP level 5. HP: 37/41 MP: 5/5
  1922 | D:3      | XOM: vitrification
  2048 | D:3      | Reached skill level 4 in Long Blades
  2213 | D:4      | Noticed Eustachio
  2227 | D:4      | HP: 1/41 [shadow imp/nerve-wracking pain[Eustachio] (11)]
  2227 | D:4      | XOM: smoke on damage
  2242 | D:4      | HP: 1/41 [bat[Eustachio] (1)]
  2304 | D:4      | Slain by a worker ant

Vault maps used:
D:1:      saegor_arrival_simple_d
D:2:      nicolae_ru_sacrificial_ziggurat, serial_forest,
          infiniplex_forest_straight_2, infiniplex_forest_end_1,
          infiniplex_forest_end_3, infiniplex_forest_lined_3,
          infiniplex_forest_zigzag_2, infiniplex_forest_clump_curved,
          infiniplex_forest_end_2
D:4:      first_bread, minmay_misc_feat_enclosed,
          grunt_dithmenos_smoke_and_mirrors, uniq_eustachio, uniq_blork_the_orc

Skill      XL: |  1  2  3  4  5 |
---------------+----------------+-----
Armour         | 1 2 |  2.0
Fighting       | 3 |  3.4
Dodging        | 3 |  3.5
Long Blades    | 4 |  4.0

Action                   |  1- 3 |  4- 6 || total
-------------------------+-------+-------++-------
Melee: Falchion          |   107 |    66 ||   173
       Headbutt          |     8 |    10 ||    18
       Bite              |     4 |     4 ||     8
  Use: Potion            |     5 |     1 ||     6
       Scroll            |       |     7 ||     7
  Eat: Corpse            |       |     2 ||     2
Armor: Leather armour    |    51 |    58 ||   109
Dodge: Dodged            |    86 |    79 ||   165
